 Dungeon Crawl Stone Soup version 0.21.1-1-g345015f (webtiles) character file.

14 tidbits the Grasshopper (level 2, 8/26 HPs)
             Began as a Gnoll Warper on Feb 6, 2018.
             Quit the game on level 2 of the Dungeon.
             The game lasted 00:02:41 (234 turns).

tidbits the Grasshopper (Gnoll Warper)               Turns: 234, Time: 00:02:41

Health: 8/26       AC:  3    Str: 13    XL:     2   Next: 41%
Magic:  0/7        EV: 14    Int: 15    God:
Gold:   15         SH:  0    Dex: 14    Spells: 6/10 levels left

rFire    . . .     SeeInvis .   a - +0 hand axe
rCold    . . .     Gourm    .   (no shield)
rNeg     . . .     Faith    .   B - +0 leather armour
rPois    .         Spirit   .   (no helmet)
rElec    .         Reflect  .   (no cloak)
rCorr    .         Harm     .   (no gloves)
MR       .....                  (no boots)
Stlth    +.........             (no amulet)
HPRegen  0.08/turn              (no ring)
MPRegen  0.10/turn              (no ring)

@: lethally poisoned (8 -> -1), very slightly contaminated, invisible
A: distributed training, fangs 1, strong nose
a: no special abilities


You were on level 2 of the Dungeon.
You were full.

You visited 1 branch of the dungeon, and saw 2 of its levels.

You collected 15 gold pieces.

Inventory:

Hand Weapons
 a - a +0 hand axe (weapon)
 b - a +0 hunting sling
 j - a +0 short sword
Missiles
 e - 5 tomahawks of dispersal (quivered) {!f}
 g - 9 stones
 k - 14 sling bullets
Armour
 l - a +0 ring mail
 B - a +0 leather armour (worn)
Scrolls
 d - a scroll of blinking
 h - a scroll of teleportation {unknown}
Books
 f - a book of Spatial Translocations

   Spells                             Type                      Level
   a - Blink                          Translocation                2
   b - Shroud of Golubria             Charms/Translocation         2
   c - Lesser Beckoning               Translocation                3
   d - Gell's Gravitas                Translocation                3
   e - Teleport Other                 Translocation                3
   f - Passage of Golubria            Translocation                4
Comestibles
 c - a ration


   Skills:
 + Level 4.5 Fighting
 + Level 0.4 Short Blades
 + Level 0.4 Long Blades
 + Level 4.5 Axes
 + Level 0.4 Maces & Flails
 + Level 0.4 Polearms
 + Level 0.4 Staves
 + Level 0.4 Slings
 + Level 0.4 Bows
 + Level 0.4 Crossbows
 + Level 2.5 Throwing
 + Level 2.5 Armour
 + Level 4.5 Dodging
 + Level 0.4 Stealth
 + Level 0.4 Shields
 + Level 0.4 Unarmed Combat
 + Level 4.9 Spellcasting
 + Level 0.2 Conjurations
 + Level 0.2 Hexes
 + Level 0.2 Charms
 + Level 0.2 Summonings
 + Level 0.2 Necromancy
 + Level 5.3 Translocations
 + Level 0.2 Transmutations
 + Level 0.2 Fire Magic
 + Level 0.2 Ice Magic
 + Level 0.2 Air Magic
 + Level 0.2 Earth Magic
 + Level 0.2 Poison Magic
 + Level 0.5 Invocations
 + Level 0.4 Evocations


You had 6 spell levels left.
You knew the following spells:

 Your Spells              Type           Power        Failure   Level  Hunger
b - Blink                 Tloc           N/A          3%          2    ##.....
g - Shroud of Golubria    Chrm/Tloc      ##........   10%         2    ##.....


Dungeon Overview and Level Annotations

Branches:
Dungeon (2/15)

Altars:


Innate Abilities, Weirdness & Mutations

Your experience applies equally to all skills.
You have very sharp teeth.
Your uncanny sense of smell can sniff out nearby items.


Message History

Firing (i - inventory. (,) - cycle):
k - 16 sling bullets (quivered)
Press: ? - help, Shift-Dir - straight line, f/p - adder skeleton
Aim: an adder skeleton (severely damaged)
You shoot a sling bullet.
The sling bullet hits the adder skeleton!
You destroy the adder skeleton!
Found a club.
You see here 3 sling bullets.
k - 18 sling bullets (gained 3)
A rat comes into view.
Firing (i - inventory. (,) - cycle):
k - 18 sling bullets (quivered)
Press: ? - help, Shift-Dir - straight line, f - rat
Aim: a rat You shoot a sling bullet.
The sling bullet hits the rat.
You kill the rat!
Found a ring mail.
A bat comes into view.
Firing (i - inventory. (,) - cycle):
k - 17 sling bullets (quivered)
Press: ? - help, Shift-Dir - straight line, f - bat
Aim: a bat (resting)
You shoot a sling bullet. The sling bullet hits the bat.
You kill the bat!
You see here a ring mail.
l - a ring mail An adder comes into view.
The adder closely misses you.
Firing (i - inventory. (,) - cycle):
k - 16 sling bullets (quivered)
Press: ? - help, Shift-Dir - straight line, f - adder
Aim: an adder You shoot a sling bullet.
The sling bullet misses the adder.
The adder misses you.
Wield which item (- for none, * to show all)? (? for menu, Esc to quit)
Okay, then.
Unknown command.
Firing (i - inventory. (,) - cycle):
k - 15 sling bullets (quivered)
Press: ? - help, Shift-Dir - straight line, f/p - adder
Aim: an adder
Okay, then.
Unknown command.
Unknown command.
Cast which spell? (? or * to list)
You blink.
A goblin comes into view. It is wielding a club.
The goblin shouts!
You hear a shout! x3
The adder barely misses you.
Found a stone staircase leading down.
A kobold comes into view. It is wielding a vampiric whip.
Casting: Blink
Confirm with . or Enter, or press ? or * to list all spells.
You blink.
Unknown command.
Firing (i - inventory. (,) - cycle):
k - 15 sling bullets (quivered)
Press: ? - help, Shift-Dir - straight line, f/p - adder
Aim: an adder You shoot a sling bullet.
The sling bullet hits the adder but does no damage.
Wield which item (- for none, * to show all)? (? for menu, Esc to quit)
a - a +0 hand axe (weapon)
Casting: Blink
Confirm with . or Enter, or press ? or * to list all spells.
Space distorts slightly along a thin shroud covering your body.
The adder closely misses you.
You completely miss the adder. Your bite misses the adder. The adder bites you.
Your shroud falls apart!
You completely miss the adder. The adder bites you.
The adder completely misses you.
You closely miss the adder. The adder bites you.
Unknown command.
You barely miss the adder. The adder barely misses you.
The adder closely misses you.
You closely miss the adder. Your bite misses the adder.
You barely miss the kobold. The adder bites you.
You are poisoned.
The adder poisons you! The kobold completely misses you.
Unknown command.
You hit the adder.
The adder is lightly wounded.
You hit the goblin but do no damage. You hit the kobold but do no damage.
You feel sick. The adder barely misses you.
The kobold hits you with a vampiric whip.
The adder bites you but does no damage. The goblin hits you with a club.
Unknown command.
Casting: Shroud of Golubria
Confirm with . or Enter, or press ? or * to list all spells.
Space distorts slightly along a thin shroud covering your body.
You feel sick. The kobold misses you. The adder closely misses you.
Unknown command.
It was a potion of invisibility.
You fade into invisibility!
The goblin misses you.
The kobold hits you with a vampiric whip.
* * * LOW HITPOINT WARNING * * *
Your shroud falls apart!
The adder bites you.
* * * LOW HITPOINT WARNING * * *
You are lethally poisoned!
The adder poisons you!
You are very lightly contaminated with residual magic.
Unknown command.
Are you sure you want to abandon this character and quit the game? (Confirm with "yes".)

#(......# #
####.####
#.##.......#
#..........#
###..#########
#......)...#
#..†....##.# ∆
#######.##.###
#.#(..#S@.#
#...(..g#K#
#.#.#####.#
#...# .. ..#.
#.. ∆ ......>
..# #.#.#.#g
#.# #.... ..
.# ###.# K#


You could see an adder, a goblin and a kobold.

Vanquished Creatures
  An adder skeleton (D:2)
  A leopard gecko (D:2)
  A bat (D:2)
  A giant cockroach (D:2)
  A goblin (D:2)
  A kobold (D:2)
  A frilled lizard (D:1)
  3 rats
10 creatures vanquished.

Notes
Turn   | Place    | Note
-------+----------+-------------------------------------------
     0 | D:1      | tidbits the Gnoll Warper began the quest for the Orb.
     0 | D:1      | Reached XP level 1. HP: 20/20 MP: 6/6
   146 | D:2      | Reached XP level 2. HP: 21/26 MP: 7/7
   150 | D:2      | Learned a level 2 spell: Blink
   154 | D:2      | Learned a level 2 spell: Shroud of Golubria
   234 | D:2      | Quit the game

Action                   || total
-------------------------++-------
Melee: Hand axe          ||     9
 Fire: Hunting sling     ||    23
 Cast: Blink             ||     2
       Shroud of Golubri ||     2
  Use: Potion            ||     1
  Eat: Ration            ||     1
Armor: Leather armour    ||     4
Dodge: Dodged            ||    15

Table legend:
 A = Turns spent in this place as a percentage of turns spent in the entire game.
 B = Non-inter-level travel turns spent in this place as a percentage of non-inter-level travel turns spent in the entire game.
 C = Inter-level travel turns spent in this place as a percentage of turns spent in this place.
 D = Turns resting spent in this place as a percentage of non-inter-level travel turns spent in this place.
 E = Turns spent auto-exploring this place as a percentage of non-inter-level travel turns spent in this place.
 F = Non-inter-level travel turns spent in this place divided by the number of levels of this place that you've seen.
                   A       B       C       D       E      F
               +-------+-------+-------+-------+-------+----------------------
         Total | 100.0 | 100.0 |   0.0 |   0.0 |   0.0 | 117.0
       Dungeon | 100.0 | 100.0 |   0.0 |   0.0 |   0.0 | 117.0
               +-------+-------+-------+-------+-------+----------------------

Table legend:
 A = Kills in this place as a percentage of kills in entire the game.
 B = Kills by you in this place as a percentage of kills by you in the entire game.
 C = Kills by friends in this place as a percentage of kills by friends in the entire game.
 D = Other kills in this place as a percentage of other kills in the entire game.
 E = Experience gained in this place as a percentage of experience gained in the entire game.
 F = Experience gained in this place divided by the number of levels of this place that you have seen.
                   A       B       C       D       E      F
               +-------+-------+-------+-------+-------+----------------------
         Total | 100.0 | 100.0 |   N/A |   N/A | 100.0 |  10.0
       Dungeon | 100.0 | 100.0 |   N/A |   N/A | 100.0 |  10.0
               +-------+-------+-------+-------+-------+----------------------

Vault maps used:
D:1:      dpeg_arrival_signposts
D:2:      first_ration
